 Dungeon Crawl Stone Soup version 0.29-a0-887-gcbe080d7e0 (webtiles) character file.

Game seed: 12898344412795297052

5419 LynnLen the Covert (level 10, -6/61 HPs)
             Began as a Vampire Enchanter on July 22, 2022.
             Was an Initiate of Dithmenos.
             Mangled by a death yak (13 damage)
             ... on level 1 of the Lair of Beasts.
             The game lasted 00:35:48 (11456 turns).

LynnLen the Covert (Vampire Enchanter)             Turns: 11456, Time: 00:35:49

Health: -6/61      AC: 16    Str:  9    XL:     10   Next: 40%
Magic:  13/16      EV: 16    Int: 29    God:    Dithmenos [......]
Gold:   253        SH:  0    Dex: 17    Spells: 8/17 levels left

rFire   . . .      SeeInvis +   g - +3 dagger (protect)
rCold   + + .      Faith    .   (no shield)
rNeg    + + +      Spirit   .   H - +0 steam dragon scales
rPois   ∞          Reflect  .   (helmet restricted)
rElec   .          Harm     .   B - +2 cloak {Will+}
rCorr   .          Rampage  .   G - +1 pair of gloves {Str+3}
Will    ++...                   (no boots)
Stlth   ++++++++..              (no amulet)
HPRegen 0.00/turn               k - +4 ring of protection
MPRegen 0.15/turn               o - +6 ring of intelligence

@: confusing by touch, bloodless, inhibited regen, studying Unarmed Combat
A: bloodless, fangs 3, see invisible, vampiric 2, horns 1, iridescent scales 1,
clever 1, MP-powered wands
a: Bat Form, Revivify, Renounce Religion


You were on level 1 of the Lair of Beasts.
You worshipped Dithmenos.
Dithmenos was noncommittal.
You visited 3 branches of the dungeon, and saw 10 of its levels.
You also visited: Ossuary.

You collected 636 gold pieces.
You spent 383 gold pieces at shops.

Inventory:

Hand Weapons
 g - a +3 dagger of protection (weapon)
Missiles
 f - 12 poisoned darts (quivered)
 y - a throwing net
Armour
 B - a +2 cloak of willpower (worn)
 G - a +1 pair of gloves of strength (worn)
 H - +0 steam dragon scales (worn)
Jewellery
 k - a +4 ring of protection (left hand)
 o - a +6 ring of intelligence (right hand)
 E - a ring of magical power
 I - a +4 ring of protection
Wands
 m - a wand of mindburst (7)
 r - a wand of iceblast (11)
 F - a wand of quicksilver (10)
Scrolls
 d - 6 scrolls of teleportation
 h - a scroll of silence {unknown}
 j - 2 scrolls of amnesia {unknown}
 s - 2 scrolls of noise {unknown}
 t - a scroll of immolation {unknown}
 u - a scroll of fog {unknown}
 w - a scroll of poison {unknown}
 x - 2 scrolls of torment {unknown}
 A - a scroll of magic mapping
 C - 2 scrolls of vulnerability {unknown}
Potions
 a - 2 potions of lignification
 b - 2 potions of attraction
 c - 2 potions of invisibility
 e - 3 potions of cancellation
 i - 2 potions of might
 l - 2 potions of berserk rage
 n - a potion of mutation
 p - a potion of haste {unknown}
 q - 6 potions of curing
 v - 3 potions of magic
 z - a potion of ambrosia
 D - 2 potions of degeneration {unknown}


   Skills:
 * Level 6.4 Fighting
 + Level 7.8 Short Blades
 + Level 7.9 Dodging
 + Level 13.5 Stealth
 - Level 1.0 Unarmed Combat
 + Level 4.4 Spellcasting
 - Level 5.0 Hexes


You had 8 spell levels left.
You knew the following spells:

 Your Spells              Type           Power      Damage    Failure   Level
a - Confusing Touch       Hex            35%        N/A       2%          3
b - Tukima's Dance        Hex            35%        N/A       2%          3
c - Dazzling Flash        Conj/Hex       42%        N/A       7%          3

Your spell library contained the following spells:

 Spells                   Type           Power      Damage    Failure   Level
 Ensorcelled Hibernation  Hex/Ice        42%        N/A       3%          2
 Magic Dart               Conj           24%        1d4       7%          1
 Sting                    Tmut/Pois      24%        1d4       7%          1
 Searing Ray              Conj           12%        2d4       10%         2
 Static Discharge         Conj/Air       6%         3-4/arc   10%         2
 Fulminant Prism          Conj/Hex       10%        3d9       24%         4
 Petrify                  Tmut/Erth      6%         N/A       54%         4
 Yara's Violent Unravell  Hex/Tmut       10%        3d6       54%         5
 Enfeeble                 Hex            17%        N/A       100%        7
 Fire Storm               Conj/Fire      3%         8d1       100%        9


Dungeon Overview and Level Annotations

Branches:
Dungeon (8/15)             Temple (1/1) D:7            Lair (1/5) D:8
Ossuary (visited)

Altars:
Ashenzari
Cheibriados
Dithmenos
Fedhas
Gozag
Hepliaklqana
Kikubaaqudgha
Makhleb
Nemelex Xobeh
Okawaru
Qazlal
Ru
Sif Muna
Trog
Uskayaw
Vehumet
Wu Jian
Xom

Shops:
D:1 [!*:   D:5 *!

Annotations:
D:7 1 runed translucent door, peter4's ghost, novice OgBe
D:8 2 transporters


Innate Abilities, Weirdness & Mutations

You do not regenerate when monsters are visible.
You are frail without blood (-20% HP).
You can heal yourself when you bite living creatures.
You are immune to poison.
You have razor-sharp teeth.
You have supernaturally acute eyesight. (SInv)
You are afflicted with vampirism and can become a bat while bloodless.
You have a pair of small horns on your head.
You are partially covered in iridescent scales. (AC +2)
Your mind is acute. (Int +4, Str/Dex -1)
You expend magic power (3 MP) to strengthen your wands.


Message History

Found a morningstar.
Found a leather armour.
You see here a +0 leather armour.
Found a ring mail.
Found a stone staircase leading down.
b - 2 potions of attraction (gained 1)
A death yak comes into view.
Found 17 gold pieces and 4 stones.
A death yak comes into view.
Okay, then.
Press: ? - help, v - describe, . - travel
Here: a death yak (asleep)
The floor.
A death yak comes into view.
The death yak bellows! x3
You see here a +0 ring mail.
The death yak attacks as you move away! The death yak gores you!!
The death yak attacks as you move away! The death yak gores you!!
The death yak attacks as you move away! The death yak barely misses you.
Okay, then.
Unknown command.
Okay, then.
Casting: Confusing Touch (dangerous; 2% risk of failure)
Confirm with . or Enter, or press ? or * to list all spells.
Your hands begin to glow red.
The death yak gores you but does no damage.
You hit the death yak but do no damage. You hit the death yak but do no damage.
Your headbutt misses the death yak. The death yak gores you!
* * * LOW HITPOINT WARNING * * *
You barely miss the death yak.
You bite the death yak, but do no damage.
The death yak barely misses you.
You hit the death yak but do no damage.
You punch the death yak, but do no damage.
You hit the death yak but do no damage. You headbutt the death yak.
Your bite misses the death yak.
The death yak is lightly wounded.
The death yak gores you!
You die...

..........### ####
...........#
....####.### ##
#....# # ##Y..# #
###Y.## # #..### #
##Y# # #@.# ##
##.## ..####
###..#
......#######...##
##.......#.......#
#...........##P..#
#.........#####..#
#.........## ##.#
...........# ..#


You could see 3 death yaks.

Vanquished Creatures
  A two-headed ogre (D:8)
  A rime drake (Lair:1)
  An unseen horror (D:5)
  2 trolls
  2 wyverns (D:8)
  2 steam dragons
  Edmund (D:4)
  A water moccasin (D:5)
  A sky beast (D:8)
  3 ice beasts
  2 orc warriors
  2 ogres
  3 centaurs (D:8)
  2 phantoms
  Blork the orc (D:5)
  A bullfrog (D:7)
  3 necrophages
  4 scorpions
  5 wights
  3 howler monkeys (D:4)
  3 hounds
  Crazy Yiuf (D:5)
  5 orc priests
  A jelly (D:4)
  3 gnoll boudas
  2 orc wizards
  3 iguanas
  25 gnolls
  7 adders
  4 shadow imps
  7 white imps
  6 ufetubi (D:5)
  2 worms
  2 dart slugs
  50 orcs
  6 ball pythons
  6 bats
  13 endoplasms
  4 giant cockroaches
  10 goblins
  5 hobgoblins
  15 jackals
  5 kobolds
  3 quokkas
  6 frilled lizards
  A goblin zombie (D:4)
  12 rats
  A rat zombie (D:4)
249 creatures vanquished.

Vanquished Creatures (others)
  10 demonic plants (D:5)
  3 plants
  2 withered plants (D:7)
15 creatures vanquished.

Grand Total: 264 creatures vanquished

Notes
Turn   | Place    | Note
-------+----------+-------------------------------------------
     0 | D:1      | LynnLen the Vampire Enchanter began the quest for the Orb.
     0 | D:1      | Reached XP level 1. HP: 13/13 MP: 3/3
    44 | D:1      | Found Utuici Raosm's Armour Emporium.
   100 | D:1      | Found Daymifij's Book Shop.
   115 | D:1      | Reached XP level 2. HP: 19/19 MP: 5/5
   157 | D:1      | Found a faded altar of an unknown god.
   372 | D:1      | Found Xuumeent's Distillery.
   455 | D:1      | Found Meinat's Assorted Antiques.
   593 | D:1      | Reached skill level 5 in Hexes
  1005 | D:2      | Reached skill level 5 in Stealth
  1005 | D:2      | Gained mutation: You are afflicted with vampirism and can
                  | become a bat while bloodless. [Vampire growth]
  1005 | D:2      | Reached XP level 3. HP: 17/25 MP: 6/6
  1386 | D:2      | Learned a level 3 spell: Confusing Touch
  1390 | D:2      | Learned a level 3 spell: Tukima's Dance
  1736 | D:2      | Reached skill level 1 in Unarmed Combat
  1922 | D:3      | Found an opulent altar of Gozag.
  2150 | D:3      | Reached skill level 1 in Fighting
  2156 | D:3      | Reached XP level 4. HP: 18/25 MP: 7/7
  2483 | D:3      | Reached skill level 6 in Stealth
  2636 | D:3      | Reached XP level 5. HP: 29/29 MP: 8/8
  2640 | D:3      | Found an ancient bone altar of Kikubaaqudgha.
  3180 | D:4      | Found a sand-covered staircase.
  3198 | Ossuary  | Entered an ossuary
  3314 | D:4      | Noticed a phantom
  3339 | D:4      | Killed a phantom
  3340 | D:4      | Reached skill level 7 in Stealth
  3389 | D:4      | Found a radiant altar of Vehumet.
  3397 | D:4      | Reached XP level 6. HP: 35/35 MP: 9/9
  3486 | D:4      | Noticed an orc warrior
  3528 | D:3      | Killed an orc warrior
  3529 | D:3      | Reached skill level 8 in Stealth
  3903 | D:4      | Noticed Edmund
  3910 | D:4      | Killed Edmund
  3911 | D:4      | Reached XP level 7. HP: 40/40 MP: 10/10
  3996 | D:4      | Reached skill level 9 in Stealth
  5028 | D:4      | Reached XP level 8. HP: 41/46 MP: 12/12
  5061 | D:4      | Got Sif Muna's Directory of Destructive Shaping
  5427 | D:5      | Entered Level 5 of the Dungeon
  5489 | D:5      | Found Dun Fac's General Store.
  5489 | D:5      | Found Boqenow's Specific Store.
  5580 | D:5      | Bought a scroll of identify for 26 gold pieces
  5584 | D:5      | Bought a potion of curing for 36 gold pieces
  5584 | D:5      | Bought a scroll of magic mapping for 90 gold pieces
  5623 | D:5      | Noticed Blork the orc
  5650 | D:5      | Killed Blork the orc
  5711 | D:5      | Noticed an unseen horror
  5737 | D:5      | Found Lurer's Distillery.
  5803 | D:5      | Noticed a troll
  5808 | D:5      | Reached skill level 10 in Stealth
  5840 | D:4      | Reached skill level 5 in Short Blades
  5840 | D:4      | Reached skill level 5 in Dodging
  5951 | D:4      | Killed a troll
  6480 | D:5      | Found a runed translucent door.
  6481 | D:5      | Noticed Crazy Yiuf
  6488 | D:5      | Killed Crazy Yiuf
  6650 | D:5      | Killed an unseen horror
  6651 | D:5      | Reached skill level 11 in Stealth
  6651 | D:5      | Reached XP level 9. HP: 22/52 MP: 10/14
  7015 | D:5      | Noticed a troll
  7028 | D:5      | Killed a troll
  7029 | D:5      | Reached skill level 5 in Fighting
  7744 | D:5      | Learned a level 3 spell: Dazzling Flash
  8799 | D:7      | Found a staircase to the Ecumenical Temple.
  8804 | D:7      | Reached skill level 12 in Stealth
  8896 | Temple   | Entered the Ecumenical Temple
  8926 | Temple   | Became a worshipper of Dithmenos the Shadowed
  9092 | D:7      | Found a runed translucent door.
  9092 | D:7      | Noticed peter4's ghost (novice OgBe)
  9109 | D:7      | Found an ornate altar of the Wu Jian Council.
  9377 | D:7      | Found a blossoming altar of Fedhas.
  9383 | D:7      | Found a sparkling altar of Nemelex Xobeh.
  9386 | D:7      | Found a hazy altar of Hepliaklqana.
  9888 | D:1      | Bought a +1 pair of gloves of strength for 231 gold pieces
 10090 | D:8      | Found a transporter.
 10125 | D:8      | Found a transporter.
 10182 | D:8      | Noticed a two-headed ogre
 10196 | D:8      | Killed a two-headed ogre
 10197 | D:8      | Reached skill level 13 in Stealth
 10197 | D:8      | Reached XP level 10. HP: 60/60 MP: 13/16
 10648 | D:8      | Found a staircase to the Lair.
 10847 | D:8      | Found a sacrificial altar of Ru.
 10852 | D:8      | Found a shimmering blue altar of Sif Muna.
 10930 | D:8      | Found a broken altar of Ashenzari.
 11112 | D:8      | Found a shimmering altar of Xom.
 11175 | D:8      | Gained mutation: You have a pair of small horns on your
                  | head. [potion of mutation]
 11175 | D:8      | Gained mutation: Your mind is acute. (Int +4, Str/Dex -1)
                  | [potion of mutation]
 11175 | D:8      | Gained mutation: You are partially covered in iridescent
                  | scales. (AC +2) [potion of mutation]
 11175 | D:8      | Gained mutation: You expend magic power (3 MP) to
                  | strengthen your wands. [potion of mutation]
 11206 | Lair:1   | Entered Level 1 of the Lair of Beasts
 11396 | Lair:1   | Noticed a death yak
 11397 | Lair:1   | Noticed a death yak
 11398 | Lair:1   | Noticed a death yak
 11456 | Lair:1   | Mangled by a death yak

Illustrated notes

Levels and vault maps discovered:
D:1:      scummos_arrival_gate, layout_basic, serial_shops,
          nicolae_shop_overgrown_old_shop, nicolae_shop_advertising_works
          [nicolae_subvault_shop_adworks],
          nicolae_shop_competitors_out_of_business, nicolae_lakefront_shop,
          shapermc_ecumenical_altar_venn, minmay_misc_feat_iff
D:2:      layout_basic
D:3:      layout_basic, general_overflow_altar, nicolae_overflow_crystal_walls,
          kennysheep_path_1, grunt_ministairs_13, roderic_lattice_a,
          minmay_pentangle
D:4:      lemuel_castle_with_subvaults [lemuel_castle_interior_carwin_1],
          layout_loops_ring, mainiacjoe_overflow_tiny_flanked, enter_ossuary_4,
          uniq_edmund
D:5:      layout_cave_pools, serial_shops, nicolae_square_shop, serial_demonic,
          serial_demonic_f, serial_demonic_g, serial_demonic_c,
          serial_demonic_c, minmay_misc_feat_five, nicolae_specific_store,
          minmay_manual_moon, uniq_crazy_yiuf_cottage, uniq_blork_the_orc
D:6:      layout_gridville
D:7:      layout_loops_ring, grunt_temple_overflow_diamond,
          mainiacjoe_overflow_small_starburst, pdpol_wu_jian_five_deadly_venoms,
          minmay_temple_entry_waves, gammafunk_ghost_grave
D:8:      gammafunk_steamed_eel, layout_loops_cross,
          nicolae_overflow_hidden_temple, mainiacjoe_overflow_alcove_2
Temple:   hellmonk_temple_of_storms
Lair:1:   layout_cave_pods, infiniplex_staircase_pool, uniq_gastronok

Skill      XL: |  1  2  3  4  5  6  7  8  9 |
---------------+----------------------------+-----
Hexes          | 5 |  5.0
Stealth        | 5 6 7 8 9 11 13 | 13.5
Unarmed Combat | 1 |  1.0
Fighting       | 1 2 3 4 6 |  6.4
Short Blades   | 2 3 4 5 7 |  7.8
Dodging        | 3 4 6 7 |  7.9
Spellcasting   | 3 4 |  4.4

Action                   |  1- 3 |  4- 6 |  7- 9 | 10-12 || total
-------------------------+-------+-------+-------+-------++-------
Melee: Dagger            |   131 |   128 |   952 |   169 ||  1380
       Bite              |    11 |    11 |   133 |    26 ||   181
       Punch             |     2 |     1 |    18 |     5 ||    26
       Headbutt          |       |       |       |     1 ||     1
 Cast: Confusing Touch   |       |     3 |    25 |     5 ||    33
       Dazzling Flash    |       |       |     1 |       ||     1
 Abil: Exsanguinate      |     2 |       |       |       ||     2
  Use: Scroll            |     4 |     5 |     5 |     1 ||    15
       Potion            |     1 |       |     4 |     2 ||     7
 Stab: Sleeping          |    14 |    19 |    16 |     1 ||    50
       Invisible         |     1 |       |     1 |       ||     2
       Confused          |       |     4 |    22 |     2 ||    28
       Distracted        |       |     1 |     1 |       ||     2
Armor: Robe              |     4 |       |       |       ||     4
       Leather armour    |    42 |    37 |   321 |    43 ||   443
       Steam dragon scal |       |       |       |    12 ||    12
Dodge: Dodged            |    80 |    44 |   652 |   107 ||   883

Table legend: (Time is in decaauts)
 A = Elapsed time spent in this place.
 B = Non-inter-level travel time spent in this place.
 C = Inter-level travel time spent in this place.
 D = Time resting spent in this place.
 E = Time spent auto-exploring this place.
 F = Levels seen in this place.
 G = Mean time per level.
                   A        B        C        D        E       F      G
               +--------+--------+--------+--------+--------+-----+--------+
         Total |  11132 |  10858 |    274 |    805 |   5158 |  11 | 1012.0 |
       Dungeon |  10749 |  10476 |    273 |    805 |   4973 |   8 | 1343.6 |
        Temple |     48 |     47 |      1 |      0 |     20 |   1 |   48.0 |
          Lair |    248 |    248 |      0 |      0 |    165 |   1 |  248.0 |
       Ossuary |     85 |     85 |      0 |      0 |      0 |   1 |   85.0 |
               +--------+--------+--------+--------+--------+-----+--------+

Top non-repeatable levels by time:
     D:4: 2609 daAuts
     D:5: 1791 daAuts
     D:3: 1385 daAuts
     D:8: 1084 daAuts
     D:7: 1082 daAuts
     D:1: 977 daAuts
     D:2: 944 daAuts
     D:6: 875 daAuts
  Lair:1: 248 daAuts
 Ossuary: 85 daAuts
  Temple: 48 daAuts
